 Dungeon Crawl Stone Soup version 0.28.0 (webtiles) character file.

Game seed: 8285885911241045408

2613 Cykl0x the Digger (level 9, -5/55 HPs)
             Began as a Gargoyle Earth Elementalist on Feb 13, 2022.
             Was a Follower of the Shining One.
             Shot with an arrow by a centaur (9 damage)
             ... on level 6 of the Dungeon.
             The game lasted 00:18:29 (8202 turns).

Cykl0x the Digger (Gargoyle Earth Elementalist)     Turns: 8202, Time: 00:18:30

Health: -5/55      AC: 16    Str: 15    XL:     9   Next: 60%
Magic:  2/16       EV: 10    Int: 17    God:    the Shining One [*.....]
Gold:   209        SH:  0    Dex: 10    Spells: 14/18 levels left

rFire   . . .      SeeInvis .   n - +0 long sword (flame)
rCold   + . .      Faith    .   (no shield)
rNeg    + . .      Spirit   .   d - +3 scale mail {Will+}
rPois   ∞          Reflect  .   (no helmet)
rElec   +          Harm     .   (no cloak)
rCorr   .          Rampage  .   (no gloves)
Will    +....                   (no boots)
Stlth   ..........              (no amulet)
HPRegen 0.18/turn               i - ring of protection from cold
MPRegen 0.15/turn               (no ring)

@: glowing, studying Short Blades
A: sickness immunity, AC +6, negative energy resistance 1, electricity
resistance, torment resistance 1, petrification resistance
a: Renounce Religion, Divine Shield


You were on level 6 of the Dungeon.
You worshipped the Shining One.
The Shining One was aware of your devotion.
You visited 2 branches of the dungeon, and saw 7 of its levels.

You collected 209 gold pieces.

Inventory:

Hand Weapons
 e - a +0 short sword
 l - a +0 falchion
 n - a +0 long sword of flaming (weapon)
Missiles
 c - 213 stones
Armour
 b - a +1 robe
 d - a +3 scale mail of willpower (worn)
 r - a +0 ring mail
 w - +0 acid dragon scales
Jewellery
 i - a ring of protection from cold (left hand)
 p - a ring of ice
Wands
 g - a wand of mindburst (6)
 m - a wand of acid (7)
Scrolls
 h - 4 scrolls of teleportation
 o - a scroll of immolation
 q - 2 scrolls of brand weapon
 t - 2 scrolls of enchant armour
 u - 2 scrolls of noise
 v - a scroll of fog
 y - a scroll of acquirement {unknown}
Potions
 a - 3 potions of lignification
 f - 2 potions of mutation
 k - 2 potions of flight {unknown}
 s - a potion of heal wounds {unknown}
 x - a potion of berserk rage {unknown}


   Skills:
 * Level 5.7 Fighting
 + Level 3.3 Long Blades
 + Level 3.2 Armour
 + Level 2.8 Dodging
 - Level 2.1 Stealth
 + Level 5.0 Spellcasting
 * Level 5.7 Conjurations
 - Level 0.7 Transmutations
 + Level 6.9 Earth Magic
 * Level 4.4 Invocations
 + Level 0.1 Evocations


You had 14 spell levels left.
You knew the following spells:

 Your Spells              Type           Power      Damage    Failure   Level
a - Sandblast             Erth           54%        2d13      3%          1
b - Stone Arrow           Conj/Erth      50%        3d10      12%         3

Your spell library contained the following spells:

 Spells                   Type           Power      Damage    Failure   Level
 Passwall                 Tmut/Erth      14%        N/A       17%         2
 Petrify                  Tmut/Erth      17%        N/A       75%         4
 Animate Armour           Summ/Erth      32%        N/A       78%         4
 Frozen Ramparts          Ice            8%         1d2       85%         3
 Ice Form                 Ice/Tmut       5%         N/A       99%         4
 Summon Ice Beast         Ice/Summ       4%         N/A       99%         4
 Iron Shot                Conj/Erth      12%        9d3       99%         6
 Blade Hands              Tmut           3%         N/A       100%        5


Dungeon Overview and Level Annotations

Branches:
Dungeon (6/15)             Temple (1/1) D:4

Altars:
Ashenzari
Cheibriados
Dithmenos
Elyvilon
Fedhas
Gozag
Kikubaaqudgha
Makhleb
Nemelex Xobeh
Okawaru
Ru
Sif Muna
Trog
Uskayaw
Vehumet
Wu Jian
Xom
Yredelemnul
Zin
The Shining One
Beogh


Innate Abilities, Weirdness & Mutations

You are immune to sickness and miasma.
Your stone body is resilient. (AC +6)
You are immune to poison.
You resist negative energy. (rN+)
You are resistant to electric shocks. (rElec)
You are resistant to unholy torment.
You are immune to petrification.


Message History

The water moccasin closely misses you. x2
You slash the water moccasin! You burn the water moccasin.
You kill the water moccasin!
The howler monkey closely misses you.
The gnoll sergeant hits you but does no damage.
Your Spellcasting skill increases to level 5!
You hit the howler monkey. You burn the howler monkey.
The howler monkey is heavily wounded.
The howler monkey hits you but does no damage.
The gnoll sergeant hits you but does no damage.
You barely miss the howler monkey.
The howler monkey is heavily wounded.
The howler monkey hits you but does no damage.
The gnoll sergeant hits you from afar with a +2 vorpal spear.
* * * LOW HITPOINT WARNING * * *
x2 The howler monkey hits you but does no damage.
Casting: Sandblast (safe; 3% risk of failure)
Confirm with . or Enter, or press ? or * to list all spells.
Aiming: Stone Arrow (dangerous; 12% risk of failure)
Press: ? - help, Shift-Dir - straight line, f - gnoll sergeant
Aim: a gnoll sergeant, wielding a +2 vorpal spear, wearing a +0 ring mail and wearing a +0 kite shield (heavily wounded, 83% to hit)
The stone arrow hits the howler monkey!
You kill the howler monkey!
The gnoll sergeant closely misses you. The gnoll closely misses you.
The gnoll closely misses you.
The gnoll sergeant hits you with a +2 vorpal spear.
* * * LOW HITPOINT WARNING * * *
x2 The centaur shoots an arrow.
The arrow hits you!
* * * LOW HITPOINT WARNING * * *
The gnoll sergeant hits you but does no damage.
The centaur shoots an arrow.
The arrow closely misses you.
An orc comes into view. It is wielding a +0 quarterstaff.
The centaur shoots an arrow.
The arrow completely misses you.
The centaur shoots an arrow.
The arrow hits you but does no damage.
You feel better.
The gnoll sergeant hits you from afar with a +2 vorpal spear.
* * * LOW HITPOINT WARNING * * *
x2 The centaur shoots an arrow.
The arrow hits you!
You die...

#....[#...#...<..##....#
#.....'...'......#####.#
#'###.#######...## #.#
#..##'###.###o########.####
#..'.......................
#..#.......................
#..##..####.#c.............
#..##..####..##............
#........)@..#.#..........#
#........#..gg#.##c.....##
#.....)))#....g##g#g.g.#.#
#..##....##....#.#.#g.#.#
#'####'####.....#.##s.##.#
#>.#..)...#......##g.cS# .
#..#......#......#.gg...#
#..#......#......#..h...#
#.<#......#......##.)..##


You could see a gnoll sergeant, a centaur, 2 gnolls and an orc.

Vanquished Creatures
  A cyclops (D:6)
  A centaur zombie (D:6)
  An acid dragon (D:6)
  3 water moccasins
  An orc warrior (D:3)
  An ice beast (D:6)
  An ogre (D:5)
  A centaur (D:5)
  A phantom (D:5)
  A bullfrog (D:5)
  4 scorpions
  A howler monkey (D:6)
  A bullfrog skeleton (D:5)
  3 hounds
  A jelly (D:6)
  A centaur skeleton (D:5)
  A gnoll shaman (D:5)
  4 orc wizards
  Terence (D:2)
  2 iguanas (D:5)
  A killer bee zombie (D:6)
  9 gnolls
  A howler monkey skeleton (D:5)
  9 adders
  A shadow imp (D:6)
  A white imp (D:6)
  2 adder skeletons (D:4)
  A worm (D:3)
  7 dart slugs
  14 orcs
  5 bats
  5 endoplasms
  4 giant cockroaches
  8 hobgoblins
  8 kobolds
  3 quokkas
  2 ball pythons
  5 frilled lizards
  10 goblins
  5 rats
132 creatures vanquished.

Vanquished Creatures (others)
  10 plants
10 creatures vanquished.

Grand Total: 142 creatures vanquished

Notes
Turn   | Place    | Note
-------+----------+-------------------------------------------
     0 | D:1      | Cykl0x the Gargoyle Earth Elementalist began the quest for
                  | the Orb.
     0 | D:1      | Reached XP level 1. HP: 10/10 MP: 3/3
   188 | D:1      | Reached skill level 1 in Fighting
   188 | D:1      | Reached XP level 2. HP: 16/16 MP: 3/5
   293 | D:1      | Reached skill level 4 in Earth Magic
   583 | D:1      | Reached XP level 3. HP: 20/20 MP: 4/6
   587 | D:1      | Learned a level 3 spell: Stone Arrow
   786 | D:1      | Found a faded altar of an unknown god.
  1479 | D:2      | Noticed Terence
  1607 | D:2      | Killed Terence
  1608 | D:2      | Reached XP level 4. HP: 9/25 MP: 0/8
  1875 | D:2      | Reached skill level 1 in Conjurations
  2772 | D:3      | Reached XP level 5. HP: 30/30 MP: 5/9
  2970 | D:3      | Reached skill level 5 in Earth Magic
  3067 | D:3      | Noticed an orc warrior
  3070 | D:3      | Killed an orc warrior
  3071 | D:3      | Reached XP level 6. HP: 36/36 MP: 0/11
  4825 | D:4      | Reached XP level 7. HP: 30/41 MP: 1/12
  4840 | D:4      | Reached skill level 1 in Long Blades
  4958 | D:4      | Found a staircase to the Ecumenical Temple.
  4963 | Temple   | Entered the Ecumenical Temple
  5148 | Temple   | Became a worshipper of the Shining One
  5515 | D:5      | Entered Level 5 of the Dungeon
  5802 | D:5      | Reached skill level 1 in Invocations
  6317 | D:5      | Reached skill level 1 in Armour
  6317 | D:5      | Reached skill level 6 in Earth Magic
  6317 | D:5      | Reached XP level 8. HP: 38/48 MP: 10/14
  7066 | D:6      | Noticed a cyclops
  7239 | D:6      | Killed a cyclops
  7240 | D:6      | Reached skill level 5 in Conjurations
  7240 | D:6      | Reached XP level 9. HP: 53/53 MP: 2/16
  7247 | D:6      | Reached * piety under the Shining One
  7259 | D:6      | Reached skill level 5 in Fighting
  8190 | D:6      | Reached skill level 5 in Spellcasting
  8197 | D:6      | HP: 1/55 [centaur/arrow (9)]
  8202 | D:6      | Shot with an arrow by a centaur

Illustrated notes

Levels and vault maps discovered:
D:1:      minmay_arrival_solitary_statue, layout_loops_ring,
          hellmonk_ecumenical_altar_defaced_shrine, grunt_decor_resistance,
          minmay_cut_off
D:2:      layout_rooms, minivault_27, uniq_terence
D:3:      layout_basic, lexackson_kobold_supper
D:4:      layout_loops_cross, temple_statues, serial_bayou, serial_bayou_ford_a,
          serial_bayou_pond_c, serial_bayou_shore_a, serial_bayou_pond_c,
          nicolae_elevator_lobby_asterisk
D:5:      layout_loops_cross
D:6:      layout_gridville, minmay_misc_feat_secret_circle, solitary_fountain,
          minmay_misc_feat_rugged, minmay_manual_monstrance
Temple:   mainiacjoe_temple_cubbyholes

Skill      XL: |  1  2  3  4  5  6  7  8  9 |
---------------+----------------------------+-----
Fighting       | 1 2 3 4 5 |  5.7
Earth Magic    | 4 5 6 |  6.9
Conjurations   | 1 2 3 5 |  5.7
Spellcasting   | 3 4 5 |  5.0
Dodging        | 2 |  2.8
Long Blades    | 1 2 3 |  3.3
Invocations    | 1 3 4 |  4.4
Armour         | 1 2 3 |  3.2
Stealth        | |  2.1
Transmutations | |  0.7
Evocations     | |  0.1

Action                   |  1- 3 |  4- 6 |  7- 9 || total
-------------------------+-------+-------+-------++-------
Melee: Unarmed           |     5 |       |       ||     5
       Short sword       |     6 |     4 |       ||    10
       Falchion          |       |    12 |       ||    12
       Long sword        |       |    38 |   108 ||   146
       Punch             |       |       |     2 ||     2
 Cast: Sandblast         |    34 |    17 |     6 ||    57
       Stone Arrow       |    14 |    43 |    59 ||   116
Evoke: Wand              |       |       |     2 ||     2
  Use: Scroll            |     4 |     4 |     3 ||    11
       Potion            |     1 |       |     1 ||     2
Armor: Robe              |     5 |    31 |     7 ||    43
       Ring mail         |       |       |    84 ||    84
       Scale mail        |       |       |    18 ||    18
       Acid dragon scale |       |       |    11 ||    11
Dodge: Dodged            |    11 |    47 |   151 ||   209
